 Dungeon Crawl Stone Soup version 0.24-a0-464-g6b2be6b8c7 (webtiles) character file.

Game seed: 16665459207572808334

4891 mhoghedin the Slicer (level 10, -1/63 HPs)
             Began as an Octopode Venom Mage on July 3, 2019.
             Was a Priest of Kikubaaqudgha.
             Killed from afar by an orc wizard (9 damage)
             ... with a puff of flame
             ... on level 11 of the Dungeon.
             The game lasted 00:17:15 (10186 turns).

mhoghedin the Slicer (Octopode Venom Mage)         Turns: 10186, Time: 00:17:15

Health: -1/63      AC:  1    Str:  8    XL:     10   Next: 51%
Magic:  13/13      EV: 13    Int: 20    God:    Kikubaaqudgha [***...]
Gold:   540        SH: 12    Dex: 13    Spells: 5/13 levels left

rFire    . . .     SeeInvis .   y - +5 dagger (pain)
rCold    . . .     Gourm    .   h - +2 shield
rNeg     . . .     Faith    .   (helmet restricted)
rPois    .         Spirit   .   (no amulet)
rElec    .         Reflect  .   d - ring of wizardry {Wiz+, !d}
rCorr    .         Harm     .   (no ring)
MR       .....                  (no ring)
Stlth    +++.......             (no ring)
HPRegen  0.20/turn              (no ring)
MPRegen  0.13/turn              (no ring)
                                (no ring)
                                (no ring)

@: slowed, very slow
A: almost no armour, stealthy swim, amphibious, 8 rings, constrict 8, camouflage
1, gelatinous body 1
a: Receive Corpses, Renounce Religion


You were on level 11 of the Dungeon.
You worshipped Kikubaaqudgha.
Kikubaaqudgha was most pleased with you.
You were not hungry.

You visited 1 branch of the dungeon, and saw 9 of its levels.

You collected 540 gold pieces.

Inventory:

Hand Weapons
 a - the +6 rapier of the King {freeze, MR+ Dex+4}
   (You found it on level 4 of the Dungeon)

   It has been specially enchanted to freeze those struck by it, causing extra
   injury to most foes and up to half again as much damage against particularly
   susceptible opponents.
   It can also slow down cold-blooded creatures.
   It affects your dexterity (+4).
   It affects your resistance to hostile enchantments.
 y - a +5 dagger of pain (weapon)
   (You took it off a goblin on level 1 of the Dungeon)
Missiles
 o - a throwing net {=f, !d}
Armour
 h - a +2 shield (worn)
   (You found it on level 1 of the Dungeon)
Magical Staves
 b - an uncursed staff of death {rN+}
   (You found it on level 7 of the Dungeon)
 s - an uncursed staff of power {MP+17, !a}
   (You found it on level 11 of the Dungeon)
Jewellery
 d - a ring of wizardry (left tentacle) {Wiz+, !d}
   (You found it on level 5 of the Dungeon)
 v - an uncursed ring of fire {rF+, rC-}
   (You found it on level 6 of the Dungeon)
Wands
 l - a wand of iceblast (1)
   (You found it on level 2 of the Dungeon)
 p - a wand of acid (4)
   (You found it on level 5 of the Dungeon)
 q - a wand of random effects (64)
   (You found it on level 6 of the Dungeon)
Scrolls
 g - 6 scrolls of teleportation
 i - a scroll of fear
 k - 2 scrolls of remove curse
 x - 2 scrolls of immolation {!r}
Potions
 c - a potion of curing
 f - 2 potions of haste {unknown}
 m - a potion of might
 n - 2 potions of magic {unknown}
 r - 2 potions of mutation {unknown}
 t - 2 potions of flight
 z - a potion of degeneration {unknown}
Comestibles
 e - 8 rations


   Skills:
 - Level 3.7 Fighting
 + Level 8.2 Short Blades
 - Level 4.1 Dodging
 - Level 3.5 Stealth
 + Level 7.8 Shields
 - Level 2.0 Spellcasting
 - Level 1.0 Conjurations
 + Level 8.1 Necromancy
 - Level 3.6 Poison Magic


You had 5 spell levels left.
You knew the following spells:

 Your Spells              Type           Power        Failure   Level  Hunger
a - Sting                 Conj/Pois      ##..         6%          1    #......
b - Poisonous Vapours     Pois/Air       #.....       12%         2    ##.....
c - Animate Dead          Necr           N/A          6%          4    #####..
A - Animate Skeleton      Necr           N/A          1%          1    #......

Your spell library contained the following spells:

 Spells                   Type           Power        Failure   Level  Hunger
 Pain                     Necr           ####         1%          1    #......
 Corpse Rot               Necr           N/A          1%          2    ##.....
 Sublimation of Blood     Necr           ####......   1%          2    ##.....
 Vampiric Draining        Necr           ####......   1%          3    ###....
 Regeneration             Chrm/Necr      ###.......   9%          3    ###....
 Confusing Touch          Hex            #.....       16%         1    #......
 Corona                   Hex            #......      16%         1    #......
 Agony                    Necr           ####....     16%         5    ######.
 Dispel Undead            Necr           ####....     16%         5    ######.
 Ensorcelled Hibernation  Hex/Ice        #.....       24%         2    ##.....
 Mephitic Cloud           Conj/Pois/Air  #.......     26%         3    ###....
 Olgreb's Toxic Radiance  Pois           ###.....     32%         4    #####..
 Dazzling Spray           Conj/Hex       #.....       34%         3    ###....
 Confuse                  Hex            #.......     41%         3    ###....
 Gell's Gravitas          Tloc           #.........   41%         3    ###....
 Tukima's Dance           Hex            #.......     41%         3    ###....
 Borgnjor's Vile Clutch   Necr/Erth      ###.......   58%         5    ######.
 Excruciating Wounds      Chrm/Necr      ###.......   58%         5    ######.
 Petrify                  Tmut/Erth      #.......     80%         4    #####..
 Venom Bolt               Conj/Pois      ##........   83%         5    ######.
 Metabolic Englaciation   Hex/Ice        #.........   98%         5    ######.
 Yara's Violent Unravell  Hex/Tmut       #.........   98%         5    ######.


Dungeon Overview and Level Annotations

Branches:
Dungeon (8/15)             Temple (0/1) D:7            Lair (0/6) D:8

Altars:
Ashenzari
Dithmenos
Elyvilon
Gozag
Kikubaaqudgha
Okawaru
The Shining One

Annotations:
D:4 1 exclusion
D:8 3 runed translucent doors, Stiffzip's ghost, novice GrFi


Innate Abilities, Weirdness & Mutations

You cannot wear most types of armour.
You are very stealthy in the water. (Stealth+)
You are amphibious.
You can wear up to eight rings at the same time.
You can use your tentacles to constrict eight enemies at once.
Your skin changes colour to match your surroundings (Stealth+).
Your rubbery body absorbs attacks. (AC +1, EV +1)


Message History

You are too confused!
The orc shouts!
The orc wizard points at you and mumbles some strange words.
You are more confused.
Unknown command.
The orc wizard hits you with a +0 whip.
Unknown command.
Unknown command.
The orc barely misses you. The orc wizard misses you.
The orc wizard hits you with a +0 dagger.
An orc comes into view. It is wielding a +0 flail.
You take 2 damage, and have 60/63 hp.
Unknown command.
The orc wizard hits you but does no damage.
The orc hits you from afar with a +0 trident of venom.
You take 6 damage, and have 54/63 hp.
You bump into the rock wall.
The orc shouts!
The orc wizard barely misses you.
The orc wizard hits you but does no damage.
The orc misses you.
The orc wizard hits you with a +0 dagger.
You take 2 damage, and have 52/63 hp.
The orc wizard looks braver for a moment.
The orc wizard closely misses you.
The orc hits you from afar with a +0 trident of venom.
You are poisoned.
The orc wizard hits you with a +0 dagger.
You take 5 damage, and have 47/63 hp.
Unknown command.
You feel sick.
The orc wizard casts a spell.
The orc wizard seems to speed up.
Unknown command.
You feel sick.
You take 1 damage, and have 46/63 hp.
You feel sick.
The orc wizard mumbles some strange words.
The orc wizard seems to speed up.
The orc wizard hits you with a +0 whip. The orc wizard barely misses you.
You take 7 damage, and have 39/63 hp.
Unknown command.
The orc wizard casts a spell.
The orc wizard blinks!
You bump into the rock wall.
You feel less confused.
You feel sick.
The orc wizard gestures at you while chanting.
The magic dart hits you! You block the orc wizard's attack.
The orc wizard misses you.
You take 9 damage, and have 30/63 hp.
The orc wizard hits you with a +0 dagger.
You take 4 damage, and have 26/63 hp.
You hit the orc wizard but do no damage.
You grab the orc wizard.
You constrict the orc wizard, but do no damage.
You feel sick.
The orc wizard gestures at you while chanting.
The magic dart hits you. You block the orc's attack.
You take 6 damage, and have 20/63 hp.
You hit the orc wizard.
The orc wizard writhes in agony.
You constrict the orc wizard, but do no damage.
The orc wizard casts a spell at you. The magic dart hits you!
* * * LOW HITPOINT WARNING * * *
You block the orc's attack.
You take 7 damage, and have 13/63 hp.
Unknown command.
You feel better.
You constrict the orc wizard.
The orc wizard hits you with a +0 dagger.
* * * LOW HITPOINT WARNING * * *
A hound comes into view.
The orc wizard closely misses you.
The orc wizard points at you and mumbles some strange words.
You feel yourself slow down.
You regained 2 hp, and now have 15/63 hp.
You hit the orc wizard.
The orc wizard writhes in agony!
You kill the orc wizard!
Kikubaaqudgha accepts your kill. You block the orc's attack.
You block the orc wizard's attack.
Wield which item (- for none, * to show all)? (? for menu, Esc to quit)
Okay, then.
Unknown command.
You hit the orc wizard.
The orc wizard writhes in agony.
You grab the orc wizard. You squeeze the orc wizard.
You constrict the orc wizard, but do no damage.
You block the orc's attack. The orc wizard closely misses you.
The orc wizard barely misses you.
You hit the orc wizard but do no damage.
The orc wizard writhes in agony.
You squeeze the orc wizard.
You kill the orc wizard!
Kikubaaqudgha accepts your kill.
The orc wizard gestures at you while chanting.
The magic dart hits you!
* * * LOW HITPOINT WARNING * * *
The orc closely misses you.
The orc wizard points at you and mumbles some strange words.
The puff of flame hits you!
You die...
Kikubaaqudgha rasps: "You have failed me!
Welcome... death!"

#.#.# #.........## #.#.#
#.........# #.#.#
#.........#
#.#.###.........##
#.#...............
#######.#.............##
................#######
.......)........########
..###.#@###....#........
.. #)####...#........ ##
#oo......+........
#..#oh###...#........
#....................
...............#........
#.###.#..###...#........
....... ..#........
.......... ...#.####.##


You could see a hound, an orc wizard and 2 orcs.

Vanquished Creatures
  A two-headed ogre (D:6)
  Pikel (D:7)
  A cyclops (D:11)
  A hippogriff (D:8)
  A hungry ghost (D:8)
  Menkaure (D:6)
  Duvessa (D:4)
  An orc warrior (D:4)
  2 ice beasts
  A black bear (D:7)
  2 ogres
  5 centaurs
  4 bullfrogs
  Dowan (D:4)
  2 scorpions
  A howler monkey (D:7)
  A crimson imp (D:4)
  2 centaur skeletons
  4 hounds
  8 orc priests
  2 jellies
  9 orc wizards
  An iguana (D:11)
  7 worker ants
  A hound skeleton (D:6)
  A howler monkey zombie (D:3)
  10 adders
  2 shadow imps
  An ooze (D:4)
  2 worms
  3 dart slugs
  3 leopard geckos
  25 orcs
  2 giant cockroaches
  8 goblins
  6 hobgoblins
  15 jackals
  3 quokkas
  4 ball pythons
  8 bats
  3 frilled lizards
  6 kobolds
  A leopard gecko skeleton (D:4)
  9 rats
173 creatures vanquished.

Vanquished Creatures (collateral kills)
  A crimson imp (D:6)
1 creature vanquished.

Vanquished Creatures (others)
  A black bear (D:7)
  A slave (D:7)
  A centaur (D:7)
  A rat (D:2)
  3 plants (D:8)
7 creatures vanquished.

Grand Total: 181 creatures vanquished

Notes
Turn   | Place    | Note
-------+----------+-------------------------------------------
     0 | D:1      | mhoghedin the Octopode Venom Mage began the quest for the
                  | Orb.
     0 | D:1      | Reached XP level 1. HP: 11/11 MP: 3/3
   111 | D:1      | Reached skill level 3 in Stealth
   218 | D:1      | Reached skill level 1 in Fighting
   218 | D:1      | Reached XP level 2. HP: 18/18 MP: 1/5
   775 | D:1      | Learned a level 2 spell: Poisonous Vapours
   815 | D:1      | Reached XP level 3. HP: 15/23 MP: 6/6
  1460 | D:2      | You fall into a shaft and drop 1 floor!
  1653 | D:3      | Learned a level 1 spell: Animate Skeleton
  1684 | D:3      | Found an ancient bone altar of Kikubaaqudgha.
  1731 | D:3      | Became a worshipper of Kikubaaqudgha
  1999 | D:3      | Reached XP level 4. HP: 26/29 MP: 7/7
  2005 | D:3      | Reached skill level 1 in Short Blades
  2005 | D:3      | Reached skill level 1 in Necromancy
  2138 | D:3      | Found an iron altar of Okawaru.
  2980 | D:3      | HP: 10/43 [adder (2)]
  2982 | D:3      | Reached skill level 2 in Short Blades
  2982 | D:3      | Reached skill level 2 in Necromancy
  2982 | D:3      | Reached XP level 5. HP: 12/34 MP: 8/8
  2987 | D:3      | HP: 6/34 [adder (2)]
  3228 | D:2      | Reached skill level 2 in Fighting
  3299 | D:2      | Reached * piety under Kikubaaqudgha
  3299 | D:2      | Identified Kikubaaqudgha's Incunabulum of Evil
                  | (Kikubaaqudgha gifted it to you on level 2 of the Dungeon)
  3299 | D:2      | Received a gift from Kikubaaqudgha
  3521 | D:2      | Found a white marble altar of Elyvilon.
  3723 | D:2      | Reached skill level 1 in Shields
  4154 | D:4      | Noticed an orc warrior
  4232 | D:4      | Found a shadowy altar of Dithmenos.
  4262 | D:4      | Reached XP level 6. HP: 25/39 MP: 9/9
  4371 | D:4      | Noticed Dowan
  4372 | D:4      | Noticed Duvessa
  4382 | D:4      | Killed Duvessa
  4382 | D:4      | Reached skill level 3 in Dodging
  4398 | D:4      | Reached skill level 3 in Short Blades
  4399 | D:4      | HP: 10/41 [poisoned by an adder]
  4401 | D:4      | Killed Dowan
  4401 | D:4      | Reached skill level 3 in Necromancy
  4402 | D:4      | Reached skill level 2 in Shields
  4402 | D:4      | Reached XP level 7. HP: 8/45 MP: 10/10
  4407 | D:4      | HP: 7/45 [poisoned by an adder]
  4719 | D:3      | Reached skill level 3 in Fighting
  5412 | D:4      | Got an ichor-stained rapier
  5451 | D:4      | Identified the +6 rapier of the King {freeze, MR+ Dex+4}
                  | (You found it on level 4 of the Dungeon)
  5537 | D:5      | Entered Level 5 of the Dungeon
  5578 | D:5      | Reached ** piety under Kikubaaqudgha
  5659 | D:5      | HP: 7/46 [acid (9)]
  5660 | D:5      | HP: 3/46 [acid (4)]
  5994 | D:5      | Reached skill level 3 in Shields
  6163 | D:5      | Reached skill level 4 in Dodging
  6163 | D:5      | Reached XP level 8. HP: 53/53 MP: 11/11
  6171 | D:5      | Reached skill level 4 in Short Blades
  6335 | D:5      | Found an opulent altar of Gozag.
  6517 | D:5      | Learned a level 4 spell: Animate Dead
  6560 | D:6      | Reached skill level 4 in Necromancy
  6658 | D:6      | Noticed Menkaure
  6661 | D:6      | Killed Menkaure
  6946 | D:6      | Found a shattered altar of Ashenzari.
  6975 | D:6      | Noticed a two-headed ogre
  6983 | D:6      | Reached skill level 4 in Shields
  6986 | D:6      | HP: 6/54 [two-headed ogre/+0 giant club (24)]
  6988 | D:6      | Killed a two-headed ogre
  6988 | D:6      | Reached skill level 5 in Short Blades
  6988 | D:6      | Reached skill level 5 in Shields
  6988 | D:6      | Reached skill level 5 in Necromancy
  6988 | D:6      | Reached XP level 9. HP: 6/58 MP: 12/12
  7340 | D:6      | Reached skill level 6 in Short Blades
  7434 | D:6      | Reached skill level 6 in Necromancy
  8066 | D:7      | Noticed Pikel
  8075 | D:7      | Killed Pikel
  8075 | D:7      | Reached skill level 6 in Shields
  8253 | D:7      | Found a staircase to the Ecumenical Temple.
  8323 | D:7      | Reached skill level 7 in Short Blades
  8637 | D:7      | Found a glowing golden altar of the Shining One.
  8906 | D:8      | Reached skill level 7 in Necromancy
  9090 | D:8      | Reached XP level 10. HP: 49/63 MP: 13/13
  9302 | D:8      | Noticed Stiffzip's ghost (novice GrFi)
  9303 | D:8      | Found a runed translucent gate.
  9304 | D:8      | Found a runed translucent gate.
  9304 | D:8      | Found a runed translucent gate.
  9304 | D:8      | Noticed a nine-headed hydra
  9323 | D:8      | Reached skill level 7 in Shields
  9430 | D:8      | Found a staircase to the Lair.
  9453 | D:8      | Reached *** piety under Kikubaaqudgha
  9453 | D:8      | Identified Kikubaaqudgha's Grimoire of Sinister Arts
                  | (Kikubaaqudgha gifted it to you on level 8 of the Dungeon)
  9453 | D:8      | Received a gift from Kikubaaqudgha
  9628 | D:8      | You fall into a shaft and drop 3 floors!
  9749 | D:11     | Reached skill level 8 in Short Blades
  9886 | D:11     | Noticed a cyclops
  9908 | D:11     | Killed a cyclops
  9908 | D:11     | Reached skill level 8 in Necromancy
 10182 | D:11     | HP: 13/63 [orc wizard/magic dart (7)]
 10186 | D:11     | Killed from afar by an orc wizard

Levels and vault maps discovered:
D:1:      dpeg_arrival_boxorama, layout_basic, minmay_hexomino_f4
D:2:      layout_basic, elyvilon_altar_4
D:3:      layout_loops_ring, lemuel_doored_altar, okawaru_gym_becter,
          minmay_shallow_snake_nest
D:4:      layout_basic, nicolae_dithmenos_through_a_glass_darkly, first_ration,
          corexii_shack, uniq_duvessa
D:5:      layout_loops_ring, kennysheep_mini
D:6:      layout_basic, kennysheep_little_box, minivault_24, uniq_menkaure
D:7:      layout_basic, nicolae_tso_swordbearing_angel, temple_fountains,
          uniq_pikel
D:8:      layout_loops_ring, lair_entry_dummy, gammafunk_ghost_hydra_chop
D:11:     layout_basic, special_room [special_room_orc], serial_shops,
          shop_fountains, uniq_harold

Skill      XL: |  1  2  3  4  5  6  7  8  9 10 |
---------------+-------------------------------+-----
Stealth        | 3 |  3.5
Fighting       | 1 2 3 |  3.7
Short Blades   | 2 3 5 7 8 |  8.2
Necromancy     | 2 3 5 7 8 |  8.1
Shields        | 1 2 3 5 6 7 |  7.8
Dodging        | 3 4 |  4.1
Spellcasting   | |  2.0
Conjurations   | |  1.0
Poison Magic   | |  3.6

Action                   |  1- 3 |  4- 6 |  7- 9 | 10-12 || total
-------------------------+-------+-------+-------+-------++-------
Melee: Unarmed           |     5 |       |       |       ||     5
       Constrict         |    11 |    32 |    23 |     6 ||    72
       Tentacles         |     5 |    24 |    22 |    16 ||    67
       Whip              |    56 |    48 |       |       ||   104
       Dagger            |       |   107 |   134 |    51 ||   292
       Rapier            |       |       |    19 |    17 ||    36
 Cast: Sting             |     6 |       |       |       ||     6
       Animate Skeleton  |       |       |     3 |       ||     3
       Animate Dead      |       |       |     1 |       ||     1
Evoke: Wand              |       |       |     6 |     1 ||     7
  Use: Scroll            |     1 |       |    13 |     3 ||    17
       Potion            |       |     4 |       |     3 ||     7
 Stab: Sleeping          |     7 |     4 |    15 |     5 ||    31
       Distracted        |       |       |     1 |       ||     1
       Invisible         |       |       |       |     1 ||     1
  Eat: Ration            |     1 |       |     3 |       ||     4
       Chunk             |       |     7 |     7 |     5 ||    19
Armor: Skin              |     5 |    35 |     6 |     2 ||    48
Dodge: Dodged            |    32 |    69 |    59 |    20 ||   180
Block: Shield            |     3 |    48 |    57 |    34 ||   142

Table legend:
 A = Non-vault XP
 B = Vault XP
 C = Vault XP percentage of total XP
 D = Non-vault monster count
 E = Vault monster count
 F = Vault count percentage of total count
                 A         B        C        D         E       F
            +---------+---------+-------+---------+---------+-------
      Total |    5925 |    1063 |  15.2 |     162 |      12 |   6.9
            +---------+---------+-------+---------+---------+-------
        D:1 |      31 |       7 |  18.4 |      17 |       4 |  19.0
        D:2 |     100 |       0 |   0.0 |      28 |       0 |   0.0
        D:3 |     298 |      16 |   5.1 |      29 |       3 |   9.4
        D:4 |     340 |     216 |  38.8 |      14 |       3 |  17.6
        D:5 |     284 |       0 |   0.0 |      13 |       0 |   0.0
        D:6 |    1649 |     175 |   9.6 |      18 |       1 |   5.3
        D:7 |     567 |     649 |  53.4 |      14 |       1 |   6.7
        D:8 |    1325 |       0 |   0.0 |      18 |       0 |   0.0
       D:11 |    1331 |       0 |   0.0 |      11 |       0 |   0.0
            +---------+---------+-------+---------+---------+-------

Levels and vault maps discovered:
D:1:      dpeg_arrival_boxorama, layout_basic, minmay_hexomino_f4
D:2:      layout_basic, elyvilon_altar_4
D:3:      layout_loops_ring, lemuel_doored_altar, okawaru_gym_becter,
          minmay_shallow_snake_nest
D:4:      layout_basic, nicolae_dithmenos_through_a_glass_darkly, first_ration,
          corexii_shack, uniq_duvessa
D:5:      layout_loops_ring, kennysheep_mini
D:6:      layout_basic, kennysheep_little_box, minivault_24, uniq_menkaure
D:7:      layout_basic, nicolae_tso_swordbearing_angel, temple_fountains,
          uniq_pikel
D:8:      layout_loops_ring, lair_entry_dummy, gammafunk_ghost_hydra_chop
D:11:     layout_basic, special_room [special_room_orc], serial_shops,
          shop_fountains, uniq_harold

Table legend:
 A = Turns spent in this place as a percentage of turns spent in the entire game.
 B = Non-inter-level travel turns spent in this place as a percentage of non-inter-level travel turns spent in the entire game.
 C = Inter-level travel turns spent in this place as a percentage of turns spent in this place.
 D = Turns resting spent in this place as a percentage of non-inter-level travel turns spent in this place.
 E = Turns spent auto-exploring this place as a percentage of non-inter-level travel turns spent in this place.
 F = Non-inter-level travel turns spent in this place divided by the number of levels of this place that you've seen.
                   A       B       C       D       E      F
               +-------+-------+-------+-------+-------+----------------------
         Total | 100.0 | 100.0 |   3.3 |  42.5 |  42.0 | 1094.7
       Dungeon | 100.0 | 100.0 |   3.3 |  42.5 |  42.0 | 1094.7
               +-------+-------+-------+-------+-------+----------------------

Table legend:
 A = Kills in this place as a percentage of kills in entire the game.
 B = Kills by you in this place as a percentage of kills by you in the entire game.
 C = Kills by friends in this place as a percentage of kills by friends in the entire game.
 D = Other kills in this place as a percentage of other kills in the entire game.
 E = Experience gained in this place as a percentage of experience gained in the entire game.
 F = Experience gained in this place divided by the number of levels of this place that you have seen.
                   A       B       C       D       E      F
               +-------+-------+-------+-------+-------+----------------------
         Total | 100.0 | 100.0 | 100.0 |   N/A | 100.0 | 776.4
       Dungeon | 100.0 | 100.0 | 100.0 |   N/A | 100.0 | 776.4
               +-------+-------+-------+-------+-------+----------------------
